Peoria Rivermen vs Santa Cruz Tiger Sharks
Created - Saturday, July 8, 2023 at 06:17
Goals
|
| Peoria Rivermen |
0 |
1 |
0 |
1 |
| Santa Cruz Tiger Sharks |
2 |
0 |
1 |
3 |
|
Shots
|
| Peoria Rivermen |
13 |
10 |
9 |
32 |
| Santa Cruz Tiger Sharks |
11 |
11 |
8 |
30 |
|
1st period
1. Santa Cruz Tiger Sharks , Jesper Boqvist 3 (Zachary Sanford 3, Carter Hart) at 2:08 (PP)
2. Santa Cruz Tiger Sharks , Kailer Yamamoto 3 (Jack Roslovic 5) at 8:30 (PP)
Penalties :
Ryan Lomberg (PRM) for Roughing (Minor) at 1:30, Wyatt Kalynuk (SCS) for Holding (Minor) at 3:54, Ryan Lomberg (PRM) for Interference (Minor) at 7:30, Travis Boyd (SCS) for Delaying the game (Minor) at 9:39, Michael McLeod (SCS) for Slashing (Minor) at 10:01, Connor Mackey (PRM) for Tripping (Minor) at 10:13, Kieffer Bellows (SCS) for Roughing (Minor) at 16:31, Travis Boyd (SCS) for Interference (Minor) at 17:56
2nd period
3. Peoria Rivermen , Sasha Chmelevski 6 (Nico Sturm 9) at 4:09 (PP)
Penalties :
Kailer Yamamoto (SCS) for Slashing (Minor) at 4:05, Jesper Froden (PRM) for Hooking (Minor) at 7:45, Evgeny Svechnikov (SCS) for Interference (Minor) at 11:51, Travis Boyd (SCS) for Holding (Minor) at 15:29
3rd period
4. Santa Cruz Tiger Sharks , Jack Roslovic 6 (Austin Strand 2) at 19:47 (Empty Net)
Penalties :
Kristians Rubins (SCS) for Fighting (Major) at 2:39, Ryan Lomberg (PRM) for Fighting (Major) at 2:39, Travis Boyd (SCS) for Holding (Minor) at 3:09, Zachary Sanford (SCS) for Roughing (Minor) at 7:49, Yegor Zamula (PRM) for Tripping (Minor) at 16:24
Goalie Stats
Scott Wedgewood (PRM), 27 saves from 29 shots - (0.931), L, 4-1-1, 58:50 minutes
Carter Hart (SCS), 31 saves from 32 shots - (0.969), W, 5-1-0, 60:00 minutes
Players Stats for Peoria Rivermen
Player Name G A P +/- PIM S H SB GA TA FO MP PP MP PK MP
------------------------------------------------------------------------------------
Brandon Biro 0 0 0 0 0 2 0 0 2 1 0/2 8:27 0:00 0:48
Connor Mackey 0 0 0 0 2 1 1 1 1 1 0/0 22:25 7:00 2:41
Dakota Joshua 0 0 0 0 0 2 1 0 0 0 4/14 15:02 6:26 0:00
Grant Mismash 0 0 0 0 0 1 0 0 0 0 0/2 7:39 0:00 0:00
Jakob Pelletier 0 0 0 0 0 3 2 1 2 1 3/6 13:27 1:40 0:11
Jalen Chatfield 0 0 0 -1 0 1 2 1 0 1 0/0 25:47 6:56 2:56
Jesper Froden 0 0 0 0 2 0 0 0 0 0 0/1 7:39 0:00 0:00
Jonas Rondbjerg 0 0 0 0 0 4 1 0 0 1 0/1 10:59 0:36 0:00
Josiah Slavin 0 0 0 0 0 2 0 1 0 0 0/0 16:53 6:10 0:00
Matthew Kessel 0 0 0 0 0 0 1 4 0 0 0/0 13:31 0:00 1:31
Nick Leddy 0 0 0 0 0 1 1 1 0 0 0/0 11:35 0:00 0:00
Nico Sturm 0 1 1 -1 0 5 2 0 0 1 14/21 21:43 6:30 2:50
Radim Zohorna 0 0 0 0 0 0 2 2 1 0 1/1 12:47 1:42 0:00
Ryan Lomberg 0 0 0 -1 9 2 1 1 1 0 0/0 17:23 5:34 2:10
Sasha Chmelevski 1 0 1 -1 0 3 0 0 3 1 3/7 21:59 6:30 2:58
Tyler Pitlick 0 0 0 0 0 1 1 0 2 0 1/5 17:51 6:43 2:39
Yegor Zamula 0 0 0 -1 2 2 1 2 0 1 0/0 23:46 6:56 1:36
Zachary Jones 0 0 0 0 0 2 2 0 0 2 0/0 23:26 7:01 2:52
Players Stats for Santa Cruz Tiger Sharks
Player Name G A P +/- PIM S H SB GA TA FO MP PP MP PK MP
------------------------------------------------------------------------------------
Alexander Volkov 0 0 0 0 0 2 3 0 2 1 1/1 10:03 0:00 0:00
Austin Strand 0 1 1 1 0 1 0 0 0 1 0/0 24:45 2:40 7:08
Calle Rosen 0 0 0 1 0 1 3 0 0 1 0/0 25:04 2:40 6:32
David Gustafsson 0 0 0 0 0 1 0 0 0 0 2/4 7:24 0:00 0:09
Evgeny Svechnikov 0 0 0 0 2 1 1 0 1 0 0/0 7:23 0:00 0:00
Hunter Drew 0 0 0 0 0 1 1 0 0 0 0/0 12:16 0:00 0:00
Jack Roslovic 1 1 2 1 0 3 0 1 1 1 14/29 20:42 3:09 7:10
Jesper Boqvist 1 0 1 0 0 3 1 0 0 0 0/0 12:59 2:28 0:12
Kailer Yamamoto 1 0 1 1 2 3 0 0 1 1 1/2 20:39 3:09 7:05
Kevin Rooney 0 0 0 0 0 0 2 0 0 0 7/10 10:51 0:11 0:00
Kieffer Bellows 0 0 0 0 2 2 1 1 1 0 0/0 10:02 0:00 0:00
Kristians Rubins 0 0 0 0 5 2 0 1 1 1 0/0 21:05 3:08 7:02
Michael McLeod 0 0 0 0 2 1 1 0 2 0 7/12 18:12 2:39 5:40
Sean Day 0 0 0 0 0 2 0 2 1 3 0/0 23:38 3:08 8:14
Steven Lorentz 0 0 0 0 0 1 1 0 0 0 0/0 10:23 0:00 2:58
Travis Boyd 0 0 0 1 8 5 0 0 0 2 1/1 18:42 3:20 3:37
Wyatt Kalynuk 0 0 0 0 2 0 2 0 0 0 0/0 13:10 0:00 1:48
Zachary Sanford 0 1 1 0 2 1 2 1 0 1 1/1 14:36 2:28 1:40
3 Stars
1 - Carter Hart (SCS)
2 - Jack Roslovic (SCS)
3 - Jesper Boqvist (SCS)
Power Play
Peoria Rivermen - 1 on 10 Attempt(s) - 10.00%
Santa Cruz Tiger Sharks - 2 on 5 Attempt(s) - 40.00%
Penalty Kill
Peoria Rivermen - 3 on 5 Attempt(s) - 60.00%
- Score 0 goal in Penalty Kill
Santa Cruz Tiger Sharks - 9 on 10 Attempt(s) - 90.00%
- Score 0 goal in Penalty Kill
Team Stat
Peoria Rivermen - Hits : 18 - Faceoff Wins : 26 - Blocked Shots : 14 - Penalty Minutes : 15
Santa Cruz Tiger Sharks - Hits : 18 - Faceoff Wins : 34 - Blocked Shots : 6 - Penalty Minutes : 25
Official
Referees : Garrett Rank and Trevor Hanson
Linesman : Darren Gibbs and Kiel Murchison
Game Notes
Kristians Rubins and Ryan Lomberg fight to a draw at 2:39 of 3rd period
Jack Roslovic has scored in a empty net!
Peoria Rivermen
5 vs 5 Forward
Center Left Wing Right Wing Time % Phy DF OF
1 Nico Sturm Radim Zohorna Sasha Chmelevski 30 1 2 2
2 Dakota Joshua Ryan Lomberg Tyler Pitlick 30 1 2 2
3 Jakob Pelletier Josiah Slavin Jonas Rondbjerg 25 1 2 2
4 Grant Mismash Brandon Biro Jesper Froden 15 1 2 2
5 vs 5 Defense
Defense Defense Time % Phy DF OF
1 Jalen Chatfield Yegor Zamula 30 1 2 2
2 Zachary Jones Connor Mackey 30 1 2 2
3 Nick Leddy Matthew Kessel 25 1 2 2
4 Jalen Chatfield Yegor Zamula 15 1 2 2
PowerPlay Forward
Center Left Wing Right Wing Time % Phy DF OF
1 Nico Sturm Josiah Slavin Sasha Chmelevski 50 1 2 2
2 Dakota Joshua Ryan Lomberg Tyler Pitlick 50 1 2 2
PowerPlay Defense
Defense Defense Time % Phy DF OF
1 Jalen Chatfield Yegor Zamula 50 1 2 2
2 Zachary Jones Connor Mackey 50 1 2 2
Penalty Kill 4 Players Forward
Center Wing Time % Phy DF OF
1 Tyler Pitlick Nico Sturm 50 1 2 2
2 Sasha Chmelevski Ryan Lomberg 50 1 2 2
Penalty Kill 4 Players Defense
Defense Defense Time % Phy DF OF
1 Jalen Chatfield Yegor Zamula 50 1 2 2
2 Zachary Jones Connor Mackey 50 1 2 2
Penalty Kill - 3 Players Forward
Forward Time % Phy DF OF
1 Sasha Chmelevski 50 1 2 2
2 Nico Sturm 50 1 2 2
Penalty Kill - 3 Players Defense
Defense Defense Time % Phy DF OF
1 Jalen Chatfield Yegor Zamula 50 1 2 2
2 Zachary Jones Connor Mackey 50 1 2 2
4 vs 4 Forward
Center Wing Time % Phy DF OF
1 Jakob Pelletier Nico Sturm 50 1 2 2
2 Sasha Chmelevski Ryan Lomberg 50 1 2 2
4 vs 4 Defense
Defense Defense Time % Phy DF OF
1 Jalen Chatfield Yegor Zamula 50 1 2 2
2 Zachary Jones Connor Mackey 50 1 2 2
Last Minutes Offensive
Center Left Wing Right Wing Defense Defense
Nico Sturm Ryan Lomberg Sasha Chmelevski Jalen Chatfield Yegor Zamula
Last Minutes Defensive
Center Left Wing Right Wing Defense Defense
Nico Sturm Ryan Lomberg Sasha Chmelevski Jalen Chatfield Yegor Zamula
Goaltenders
Starting : Scott Wedgewood
Backup : Joey Daccord
Extra Forwards
Normal : Josiah Slavin, Jakob Pelletier, Brandon Biro - PP : Josiah Slavin, Jakob Pelletier - PK : Brandon Biro
Extra Defensemen
Normal : Jalen Chatfield, Matthew Kessel, Zachary Jones - PP : Yegor Zamula - PK : Matthew Kessel, Zachary Jones
Penalty Shots
Brandon Biro, Nico Sturm, Sasha Chmelevski, Ryan Lomberg, Tyler Pitlick
Santa Cruz Tiger Sharks
5 vs 5 Forward
Center Left Wing Right Wing Time % Phy DF OF
1 Jack Roslovic Travis Boyd Kailer Yamamoto 30 1 2 2
2 Michael McLeod Zachary Sanford Jesper Boqvist 30 1 2 2
3 Kevin Rooney Kieffer Bellows Alexander Volkov 25 1 2 2
4 David Gustafsson Evgeny Svechnikov Steven Lorentz 15 1 2 2
5 vs 5 Defense
Defense Defense Time % Phy DF OF
1 Austin Strand Calle Rosen 35 1 2 2
2 Sean Day Kristians Rubins 35 1 2 2
3 Hunter Drew Wyatt Kalynuk 30 1 2 2
4 Austin Strand Calle Rosen 0 1 2 2
PowerPlay Forward
Center Left Wing Right Wing Time % Phy DF OF
1 Jack Roslovic Travis Boyd Kailer Yamamoto 50 1 2 2
2 Michael McLeod Zachary Sanford Jesper Boqvist 50 1 2 2
PowerPlay Defense
Defense Defense Time % Phy DF OF
1 Austin Strand Calle Rosen 50 1 2 2
2 Sean Day Kristians Rubins 50 1 2 2
Penalty Kill 4 Players Forward
Center Wing Time % Phy DF OF
1 Jack Roslovic Kailer Yamamoto 50 1 2 2
2 Michael McLeod Travis Boyd 50 1 2 2
Penalty Kill 4 Players Defense
Defense Defense Time % Phy DF OF
1 Austin Strand Calle Rosen 50 1 2 2
2 Sean Day Kristians Rubins 50 1 2 2
Penalty Kill - 3 Players Forward
Forward Time % Phy DF OF
1 Jack Roslovic 50 1 2 2
2 Kailer Yamamoto 50 1 2 2
Penalty Kill - 3 Players Defense
Defense Defense Time % Phy DF OF
1 Austin Strand Calle Rosen 50 1 2 2
2 Sean Day Kristians Rubins 50 1 2 2
4 vs 4 Forward
Center Wing Time % Phy DF OF
1 Jack Roslovic Kailer Yamamoto 50 1 2 2
2 Michael McLeod Travis Boyd 50 1 2 2
4 vs 4 Defense
Defense Defense Time % Phy DF OF
1 Austin Strand Calle Rosen 50 1 2 2
2 Sean Day Kristians Rubins 50 1 2 2
Last Minutes Offensive
Center Left Wing Right Wing Defense Defense
Jack Roslovic Travis Boyd Kailer Yamamoto Austin Strand Calle Rosen
Last Minutes Defensive
Center Left Wing Right Wing Defense Defense
Jack Roslovic Travis Boyd Kailer Yamamoto Austin Strand Calle Rosen
Goaltenders
Starting : Carter Hart
Backup : Mikhail Berdin
Extra Forwards
Normal : Kevin Rooney, Alexander Volkov, Steven Lorentz - PP : Kevin Rooney, Alexander Volkov - PK : Steven Lorentz
Extra Defensemen
Normal : Hunter Drew, Wyatt Kalynuk, Sean Day - PP : Hunter Drew - PK : Wyatt Kalynuk, Sean Day
Penalty Shots
Jack Roslovic, Kailer Yamamoto, Michael McLeod, Travis Boyd, Zachary Sanford
% Time on Ice - Peoria Rivermen
Lines # - Real PCT - Wanted PCT - Time Play
Normal Forward
1 - 28% - 30% - 10:34
2 - 25% - 30% - 9:37
3 - 26% - 25% - 9:54
4 - 20% - 15% - 7:39
Normal Defense
1 - 30% - 30% - 11:19
2 - 33% - 30% - 12:20
3 - 31% - 25% - 11:35
4 - 7% - 15% - 2:30
PP Forward
1 - 47% - 50% - 6:30
2 - 53% - 50% - 7:27
PP Defense
1 - 50% - 50% - 6:56
2 - 50% - 50% - 7:01
PK Forward
1 - 49% - 50% - 2:50
2 - 51% - 50% - 2:58
PK Defense
1 - 51% - 50% - 2:56
2 - 49% - 50% - 2:52
PK3 Forward
1 - 0% - 50%
2 - 0% - 50%
PK3 Defense
1 - 0% - 50%
2 - 0% - 50%
44 Forward
1 - 61% - 50% - 1:05
2 - 39% - 50% - 0:42
44 Defense
1 - 32% - 50% - 0:34
2 - 68% - 50% - 1:13
Last Minute Offensive - 0:44
Last Minute Defensive - 0:00
Total
Forward - 60:00
Defense - 60:00
|
% Time on Ice - Santa Cruz Tiger Sharks
Lines # - Real PCT - Wanted PCT - Time Play
Normal Forward
1 - 26% - 30% - 9:38
2 - 29% - 30% - 10:47
3 - 27% - 25% - 10:03
4 - 19% - 15% - 7:15
Normal Defense
1 - 36% - 35% - 13:41
2 - 36% - 35% - 13:29
3 - 28% - 30% - 10:33
4 - 0% - 0% - 0:00
PP Forward
1 - 54% - 50% - 3:09
2 - 46% - 50% - 2:39
PP Defense
1 - 46% - 50% - 2:40
2 - 54% - 50% - 3:08
PK Forward
1 - 46% - 50% - 6:04
2 - 54% - 50% - 7:07
PK Defense
1 - 46% - 50% - 6:07
2 - 54% - 50% - 7:04
PK3 Forward
1 - 50% - 50% - 1:06
2 - 50% - 50% - 1:05
PK3 Defense
1 - 47% - 50% - 1:01
2 - 53% - 50% - 1:10
44 Forward
1 - 0% - 50% - 0:00
2 - 100% - 50% - 0:22
44 Defense
1 - 100% - 50% - 0:22
2 - 0% - 50% - 0:00
Last Minute Offensive - 0:00
Last Minute Defensive - 0:45
Total
Forward - 60:00
Defense - 60:00
|
Play-by-Play
1st period
0:01 of 1st period - Nico Sturm wins face-off versus Jack Roslovic in neutral zone.
0:26 of 1st period - Ryan Lomberg is hit by Calle Rosen and loses puck.
0:45 of 1st period - Wrist shot by Brandon Biro.
0:45 of 1st period - Stopped by Carter Hart with a rebound.
0:47 of 1st period - Wrist shot by Jesper Froden.
0:47 of 1st period - Shot Misses the Net.
0:49 of 1st period - Slapshot by Zachary Jones.
0:49 of 1st period - Stopped by Carter Hart with a rebound.
0:51 of 1st period - Snap shot by Grant Mismash.
0:51 of 1st period - Stopped by Carter Hart without a rebound.
0:52 of 1st period - Kevin Rooney wins face-off versus Grant Mismash in Santa Cruz Tiger Sharks zone.
1:03 of 1st period - Wrist shot by Alexander Volkov.
1:03 of 1st period - Stopped by Scott Wedgewood without a rebound.
1:04 of 1st period - David Gustafsson wins face-off versus Jakob Pelletier in Peoria Rivermen zone.
1:15 of 1st period - Slapshot by Evgeny Svechnikov.
1:15 of 1st period - Shot Blocked by Jakob Pelletier.
1:30 of 1st period - Minor Penalty to Ryan Lomberg for Roughing.
1:31 of 1st period - Jack Roslovic wins face-off versus Tyler Pitlick in Peoria Rivermen zone.
1:34 of 1st period - Snap shot by Jack Roslovic.
1:34 of 1st period - Shot Misses the Net.
1:36 of 1st period - Wrist shot by Travis Boyd.
1:36 of 1st period - Stopped by Scott Wedgewood without a rebound.
1:37 of 1st period - Jack Roslovic wins face-off versus Tyler Pitlick in Peoria Rivermen zone.
1:50 of 1st period - Slapshot by Jack Roslovic.
1:50 of 1st period - Shot Blocked by Yegor Zamula.
1:52 of 1st period - Wrist shot by Travis Boyd.
1:52 of 1st period - Stopped by Scott Wedgewood with a rebound.
2:08 of 1st period - Slapshot by Jesper Boqvist.
2:08 of 1st period - Goal by Jesper Boqvist - Peoria Rivermen : 0 - Santa Cruz Tiger Sharks : 1.
2:09 of 1st period - Nico Sturm wins face-off versus Michael McLeod in neutral zone.
2:18 of 1st period - Slapshot by Nico Sturm.
2:18 of 1st period - Shot Misses the Net.
2:20 of 1st period - Wrist shot by Nico Sturm.
2:20 of 1st period - Stopped by Carter Hart without a rebound.
2:21 of 1st period - Kevin Rooney wins face-off versus Dakota Joshua in Santa Cruz Tiger Sharks zone.
2:21 of 1st period - Kevin Rooney is hit by Nick Leddy.
2:47 of 1st period - Kailer Yamamoto is hit by Matthew Kessel and loses puck.
2:58 of 1st period - Slapshot by Nick Leddy.
2:58 of 1st period - Stopped by Carter Hart without a rebound.
2:59 of 1st period - Michael McLeod wins face-off versus Nico Sturm in Santa Cruz Tiger Sharks zone.
3:14 of 1st period - Wrist shot by Jesper Boqvist.
3:14 of 1st period - Stopped by Scott Wedgewood with a rebound.
3:54 of 1st period - Minor Penalty to Wyatt Kalynuk for Holding.
3:55 of 1st period - Nico Sturm wins face-off versus Jack Roslovic in Santa Cruz Tiger Sharks zone.
4:17 of 1st period - Snap shot by Travis Boyd.
4:17 of 1st period - Shot Misses the Net.
4:37 of 1st period - Wrist shot by Tyler Pitlick.
4:37 of 1st period - Shot Misses the Net.
5:54 of 1st period - Penalty to Wyatt Kalynuk is over, Wyatt Kalynuk is back on ice.
6:11 of 1st period - Slapshot by Travis Boyd.
6:11 of 1st period - Stopped by Scott Wedgewood without a rebound.
6:12 of 1st period - Kevin Rooney wins face-off versus Jesper Froden in Peoria Rivermen zone.
6:37 of 1st period - Matthew Kessel is hit by Hunter Drew and loses puck.
7:20 of 1st period - Wrist shot by Ryan Lomberg.
7:20 of 1st period - Shot Blocked by Sean Day.
7:30 of 1st period - Minor Penalty to Ryan Lomberg for Interference.
7:31 of 1st period - Michael McLeod wins face-off versus Brandon Biro in Peoria Rivermen zone.
7:57 of 1st period - Icing by Jack Roslovic.
7:58 of 1st period - Jack Roslovic wins face-off versus Tyler Pitlick in Santa Cruz Tiger Sharks zone.
8:30 of 1st period - Slapshot by Kailer Yamamoto.
8:30 of 1st period - Goal by Kailer Yamamoto - Peoria Rivermen : 0 - Santa Cruz Tiger Sharks : 2.
8:31 of 1st period - Nico Sturm wins face-off versus Michael McLeod in neutral zone.
8:43 of 1st period - Icing by Sean Day.
8:44 of 1st period - Radim Zohorna wins face-off versus Michael McLeod in Santa Cruz Tiger Sharks zone.
8:45 of 1st period - Snap shot by Nico Sturm.
8:45 of 1st period - Shot Misses the Net.
8:51 of 1st period - Wrist shot by Nico Sturm.
8:51 of 1st period - Stopped by Carter Hart with a rebound.
9:13 of 1st period - Wrist shot by Michael McLeod.
9:13 of 1st period - Stopped by Scott Wedgewood with a rebound.
9:15 of 1st period - Slapshot by Sean Day.
9:15 of 1st period - Stopped by Scott Wedgewood without a rebound.
9:16 of 1st period - Jack Roslovic wins face-off versus Nico Sturm in Peoria Rivermen zone.
9:17 of 1st period - Wrist shot by Kailer Yamamoto.
9:17 of 1st period - Shot Blocked by Nick Leddy.
9:39 of 1st period - Minor Penalty to Travis Boyd for Delaying the game.
9:40 of 1st period - Dakota Joshua wins face-off versus Jack Roslovic in Santa Cruz Tiger Sharks zone.
9:43 of 1st period - Wrist shot by Tyler Pitlick.
9:43 of 1st period - Shot Blocked by Jack Roslovic.
10:01 of 1st period - Minor Penalty to Michael McLeod for Slashing.
10:02 of 1st period - Jack Roslovic wins face-off versus Nico Sturm in Santa Cruz Tiger Sharks zone.
10:13 of 1st period - Minor Penalty to Connor Mackey for Tripping.
10:14 of 1st period - Jakob Pelletier wins face-off versus Jack Roslovic in Peoria Rivermen zone.
10:26 of 1st period - Snap shot by Nico Sturm.
10:26 of 1st period - Stopped by Carter Hart with a rebound.
10:28 of 1st period - Slapshot by Jalen Chatfield.
10:28 of 1st period - Stopped by Carter Hart without a rebound.
10:29 of 1st period - Sasha Chmelevski wins face-off versus Kailer Yamamoto in Santa Cruz Tiger Sharks zone.
10:55 of 1st period - Icing by Nico Sturm.
10:56 of 1st period - Jack Roslovic wins face-off versus Nico Sturm in Peoria Rivermen zone.
11:07 of 1st period - Snap shot by Jakob Pelletier.
11:07 of 1st period - Stopped by Carter Hart with a rebound.
11:16 of 1st period - Off-side.
11:17 of 1st period - Sasha Chmelevski wins face-off versus Jack Roslovic in neutral zone.
11:34 of 1st period - Kailer Yamamoto is hit by Jalen Chatfield and loses puck.
11:39 of 1st period - Penalty to Travis Boyd is over, Travis Boyd is back on ice.
11:47 of 1st period - Snap shot by Travis Boyd.
11:47 of 1st period - Shot Misses the Net.
12:01 of 1st period - Penalty to Michael McLeod is over, Michael McLeod is back on ice.
12:11 of 1st period - Off-side.
12:12 of 1st period - Michael McLeod wins face-off versus Sasha Chmelevski in neutral zone.
12:13 of 1st period - Penalty to Connor Mackey is over, Connor Mackey is back on ice.
12:23 of 1st period - Slapshot by Ryan Lomberg.
12:23 of 1st period - Stopped by Carter Hart with a rebound.
12:29 of 1st period - Sasha Chmelevski is hit by Michael McLeod and loses puck.
13:05 of 1st period - Wrist shot by Jack Roslovic.
13:05 of 1st period - Stopped by Scott Wedgewood with a rebound.
13:25 of 1st period - Snap shot by Sasha Chmelevski.
13:25 of 1st period - Shot Misses the Net.
13:50 of 1st period - Snap shot by Zachary Sanford.
13:50 of 1st period - Shot Misses the Net.
14:46 of 1st period - Michael McLeod is hit by Jakob Pelletier and loses puck.
14:53 of 1st period - Connor Mackey is hit by Zachary Sanford and loses puck.
15:02 of 1st period - Snap shot by Jesper Boqvist.
15:02 of 1st period - Stopped by Scott Wedgewood with a rebound.
15:18 of 1st period - Michael McLeod is hit by Jakob Pelletier and loses puck.
15:25 of 1st period - Wrist shot by Jakob Pelletier.
15:25 of 1st period - Shot Misses the Net.
15:43 of 1st period - Snap shot by Jonas Rondbjerg.
15:43 of 1st period - Shot Misses the Net.
15:45 of 1st period - Slapshot by Jonas Rondbjerg.
15:45 of 1st period - Stopped by Carter Hart with a rebound.
15:47 of 1st period - Wrist shot by Josiah Slavin.
15:47 of 1st period - Shot Misses the Net.
15:49 of 1st period - Slapshot by Josiah Slavin.
15:49 of 1st period - Shot Hit the Post.
15:51 of 1st period - Slapshot by Connor Mackey.
15:51 of 1st period - Stopped by Carter Hart without a rebound.
15:52 of 1st period - Nico Sturm wins face-off versus Jack Roslovic in Santa Cruz Tiger Sharks zone.
16:19 of 1st period - Calle Rosen is hit by Dakota Joshua and loses puck.
16:31 of 1st period - Minor Penalty to Kieffer Bellows for Roughing.
16:32 of 1st period - Jack Roslovic wins face-off versus Dakota Joshua in Santa Cruz Tiger Sharks zone.
16:46 of 1st period - Wrist shot by Tyler Pitlick.
16:46 of 1st period - Shot Misses the Net.
16:48 of 1st period - Wrist shot by Tyler Pitlick.
16:48 of 1st period - Stopped by Carter Hart with a rebound.
17:56 of 1st period - Minor Penalty to Travis Boyd for Interference.
17:57 of 1st period - Kailer Yamamoto wins face-off versus Dakota Joshua in Santa Cruz Tiger Sharks zone.
18:31 of 1st period - Penalty to Kieffer Bellows is over, Kieffer Bellows is back on ice.
19:22 of 1st period - Dakota Joshua is hit by Zachary Sanford and loses puck.
19:56 of 1st period - Penalty to Travis Boyd is over, Travis Boyd is back on ice.
Goals for this period are 0 for Peoria Rivermen vs 2 for Santa Cruz Tiger Sharks.
Shots for this period are 13 for Peoria Rivermen vs 11 for Santa Cruz Tiger Sharks.
2nd period
0:01 of 2nd period - Jack Roslovic wins face-off versus Nico Sturm in neutral zone.
0:04 of 2nd period - Calle Rosen is hit by Nico Sturm and loses puck.
1:08 of 2nd period - Wrist shot by Josiah Slavin.
1:08 of 2nd period - Stopped by Carter Hart with a rebound.
1:10 of 2nd period - Slapshot by Nick Leddy.
1:10 of 2nd period - Shot Misses the Net.
1:12 of 2nd period - Snap shot by Jonas Rondbjerg.
1:12 of 2nd period - Stopped by Carter Hart without a rebound.
1:13 of 2nd period - Nico Sturm wins face-off versus Jack Roslovic in Santa Cruz Tiger Sharks zone.
1:44 of 2nd period - Snap shot by Kailer Yamamoto.
1:44 of 2nd period - Shot Misses the Net.
2:07 of 2nd period - Snap shot by Travis Boyd.
2:07 of 2nd period - Shot Misses the Net.
2:09 of 2nd period - Slapshot by Hunter Drew.
2:09 of 2nd period - Stopped by Scott Wedgewood without a rebound.
2:10 of 2nd period - Dakota Joshua wins face-off versus Kevin Rooney in Peoria Rivermen zone.
3:43 of 2nd period - Wrist shot by Ryan Lomberg.
3:43 of 2nd period - Stopped by Carter Hart without a rebound.
3:44 of 2nd period - Jack Roslovic wins face-off versus Dakota Joshua in Santa Cruz Tiger Sharks zone.
4:05 of 2nd period - Minor Penalty to Kailer Yamamoto for Slashing.
4:06 of 2nd period - Nico Sturm wins face-off versus Jack Roslovic in Santa Cruz Tiger Sharks zone.
4:07 of 2nd period - Wrist shot by Sasha Chmelevski.
4:07 of 2nd period - Stopped by Carter Hart with a rebound.
4:09 of 2nd period - Snap shot by Sasha Chmelevski.
4:09 of 2nd period - Goal by Sasha Chmelevski - Peoria Rivermen : 1 - Santa Cruz Tiger Sharks : 2.
4:10 of 2nd period - Nico Sturm wins face-off versus Jack Roslovic in neutral zone.
4:13 of 2nd period - Travis Boyd is hit by Yegor Zamula and loses puck.
4:20 of 2nd period - Snap shot by Kristians Rubins.
4:20 of 2nd period - Stopped by Scott Wedgewood with a rebound.
4:22 of 2nd period - Slapshot by Kristians Rubins.
4:22 of 2nd period - Stopped by Scott Wedgewood without a rebound.
4:23 of 2nd period - Nico Sturm wins face-off versus Kevin Rooney in Peoria Rivermen zone.
4:30 of 2nd period - Slapshot by Calle Rosen.
4:30 of 2nd period - Shot Blocked by Radim Zohorna.
4:58 of 2nd period - Off-side.
4:59 of 2nd period - Kevin Rooney wins face-off versus Dakota Joshua in neutral zone.
6:10 of 2nd period - David Gustafsson is hit by Zachary Jones.
7:33 of 2nd period - Wrist shot by Evgeny Svechnikov.
7:33 of 2nd period - Shot Misses the Net.
7:35 of 2nd period - Backhand shot by David Gustafsson.
7:35 of 2nd period - Shot Blocked by Jalen Chatfield.
7:37 of 2nd period - Slapshot by Sean Day.
7:37 of 2nd period - Stopped by Scott Wedgewood with a rebound.
7:39 of 2nd period - Slapshot by Sean Day.
7:39 of 2nd period - Deflect By Steven Lorentz.
7:39 of 2nd period - Stopped by Scott Wedgewood with a rebound.
7:45 of 2nd period - Minor Penalty to Jesper Froden for Hooking.
7:46 of 2nd period - Michael McLeod wins face-off versus Sasha Chmelevski in Peoria Rivermen zone.
8:26 of 2nd period - Slapshot by Tyler Pitlick.
8:26 of 2nd period - Shot Blocked by Kristians Rubins.
8:29 of 2nd period - Icing by Sean Day.
8:30 of 2nd period - Jack Roslovic wins face-off versus Sasha Chmelevski in Santa Cruz Tiger Sharks zone.
8:53 of 2nd period - Snap shot by Travis Boyd.
8:53 of 2nd period - Shot Misses the Net.
8:55 of 2nd period - Wrist shot by Sean Day.
8:55 of 2nd period - Shot Misses the Net.
8:57 of 2nd period - Wrist shot by Travis Boyd.
8:57 of 2nd period - Stopped by Scott Wedgewood with a rebound.
8:59 of 2nd period - Snap shot by Kailer Yamamoto.
8:59 of 2nd period - Stopped by Scott Wedgewood without a rebound.
9:00 of 2nd period - Michael McLeod wins face-off versus Tyler Pitlick in Peoria Rivermen zone.
9:45 of 2nd period - Penalty to Jesper Froden is over, Jesper Froden is back on ice.
9:55 of 2nd period - Josiah Slavin is hit by Alexander Volkov and loses puck.
10:02 of 2nd period - Backhand shot by Yegor Zamula.
10:02 of 2nd period - Stopped by Carter Hart with a rebound.
10:16 of 2nd period - Wrist shot by Evgeny Svechnikov.
10:16 of 2nd period - Stopped by Scott Wedgewood with a rebound.
10:18 of 2nd period - Slapshot by Calle Rosen.
10:18 of 2nd period - Stopped by Scott Wedgewood with a rebound.
10:20 of 2nd period - Slapshot by Steven Lorentz.
10:20 of 2nd period - Shot Misses the Net.
10:22 of 2nd period - Snap shot by David Gustafsson.
10:22 of 2nd period - Deflect By Steven Lorentz.
10:22 of 2nd period - Shot Misses the Net.
10:22 of 2nd period - Puck is out of play.
10:23 of 2nd period - Dakota Joshua wins face-off versus Jack Roslovic in Peoria Rivermen zone.
11:13 of 2nd period - Kevin Rooney is hit by Radim Zohorna.
11:33 of 2nd period - Snap shot by Nico Sturm.
11:33 of 2nd period - Stopped by Carter Hart with a rebound.
11:35 of 2nd period - Snap shot by Jakob Pelletier.
11:35 of 2nd period - Stopped by Carter Hart without a rebound.
11:36 of 2nd period - Jakob Pelletier wins face-off versus David Gustafsson in Santa Cruz Tiger Sharks zone.
11:51 of 2nd period - Minor Penalty to Evgeny Svechnikov for Interference.
11:52 of 2nd period - Jack Roslovic wins face-off versus Nico Sturm in Santa Cruz Tiger Sharks zone.
12:08 of 2nd period - Snap shot by Michael McLeod.
12:08 of 2nd period - Shot Misses the Net.
12:10 of 2nd period - Wrist shot by Austin Strand.
12:10 of 2nd period - Stopped by Scott Wedgewood with a rebound.
13:51 of 2nd period - Penalty to Evgeny Svechnikov is over, Evgeny Svechnikov is back on ice.
14:12 of 2nd period - Wrist shot by Brandon Biro.
14:12 of 2nd period - Shot Blocked by Kieffer Bellows.
14:14 of 2nd period - Wrist shot by Brandon Biro.
14:14 of 2nd period - Stopped by Carter Hart without a rebound.
14:15 of 2nd period - David Gustafsson wins face-off versus Grant Mismash in Santa Cruz Tiger Sharks zone.
15:29 of 2nd period - Minor Penalty to Travis Boyd for Holding.
15:30 of 2nd period - Jack Roslovic wins face-off versus Nico Sturm in Santa Cruz Tiger Sharks zone.
16:03 of 2nd period - Snap shot by Tyler Pitlick.
16:03 of 2nd period - Shot Misses the Net.
16:31 of 2nd period - Wrist shot by Michael McLeod.
16:31 of 2nd period - Shot Misses the Net.
17:29 of 2nd period - Penalty to Travis Boyd is over, Travis Boyd is back on ice.
17:53 of 2nd period - Yegor Zamula is hit by Wyatt Kalynuk and loses puck.
18:19 of 2nd period - Snap shot by Kailer Yamamoto.
18:19 of 2nd period - Shot Blocked by Matthew Kessel.
18:21 of 2nd period - Wrist shot by Travis Boyd.
18:21 of 2nd period - Stopped by Scott Wedgewood with a rebound.
18:31 of 2nd period - Snap shot by Travis Boyd.
18:31 of 2nd period - Shot Blocked by Matthew Kessel.
18:33 of 2nd period - Wrist shot by Kailer Yamamoto.
18:33 of 2nd period - Deflect By Brandon Biro.
18:33 of 2nd period - Shot Blocked by Matthew Kessel.
18:33 of 2nd period - Puck is out of play.
18:34 of 2nd period - Nico Sturm wins face-off versus Michael McLeod in Peoria Rivermen zone.
18:39 of 2nd period - Wrist shot by Nico Sturm.
18:39 of 2nd period - Deflect By Jesper Boqvist.
18:39 of 2nd period - Stopped by Carter Hart with a rebound.
18:41 of 2nd period - Snap shot by Sasha Chmelevski.
18:41 of 2nd period - Shot Misses the Net.
18:47 of 2nd period - Jesper Boqvist is hit by Nico Sturm.
19:54 of 2nd period - Ryan Lomberg is hit by Kevin Rooney and loses puck.
19:59 of 2nd period - Snap shot by Kevin Rooney.
19:59 of 2nd period - Shot Blocked by Ryan Lomberg.
Goals for this period are 1 for Peoria Rivermen vs 0 for Santa Cruz Tiger Sharks.
Shots for this period are 10 for Peoria Rivermen vs 11 for Santa Cruz Tiger Sharks.
3rd period
0:01 of 3rd period - Nico Sturm wins face-off versus Jack Roslovic in neutral zone.
0:15 of 3rd period - Icing by Kailer Yamamoto.
0:16 of 3rd period - Jack Roslovic wins face-off versus Dakota Joshua in Santa Cruz Tiger Sharks zone.
1:18 of 3rd period - Snap shot by Jesper Froden.
1:18 of 3rd period - Shot Misses the Net.
1:55 of 3rd period - Slapshot by Austin Strand.
1:55 of 3rd period - Shot Misses the Net.
2:17 of 3rd period - Snap shot by Sasha Chmelevski.
2:17 of 3rd period - Stopped by Carter Hart with a rebound.
2:35 of 3rd period - Slapshot by Radim Zohorna.
2:35 of 3rd period - Deflect By Sasha Chmelevski.
2:35 of 3rd period - Shot Misses the Net.
2:35 of 3rd period - Puck is out of play.
2:36 of 3rd period - Michael McLeod wins face-off versus Dakota Joshua in Santa Cruz Tiger Sharks zone.
2:36 of 3rd period - Michael McLeod is hit by Tyler Pitlick.
2:39 of 3rd period - Kristians Rubins and Ryan Lomberg fight to a draw.
2:39 of 3rd period - Penalty to Kristians Rubins for Fighting.
2:39 of 3rd period - Penalty to Ryan Lomberg for Fighting.
2:40 of 3rd period - Zachary Sanford wins face-off versus Dakota Joshua in neutral zone.
2:43 of 3rd period - Tyler Pitlick is hit by Jesper Boqvist and loses puck.
2:50 of 3rd period - Wrist shot by Yegor Zamula.
2:50 of 3rd period - Stopped by Carter Hart without a rebound.
2:51 of 3rd period - Michael McLeod wins face-off versus Dakota Joshua in Santa Cruz Tiger Sharks zone.
2:56 of 3rd period - Wrist shot by Dakota Joshua.
2:56 of 3rd period - Stopped by Carter Hart with a rebound.
2:58 of 3rd period - Snap shot by Yegor Zamula.
2:58 of 3rd period - Shot Blocked by Sean Day.
3:00 of 3rd period - Wrist shot by Dakota Joshua.
3:00 of 3rd period - Shot Blocked by Zachary Sanford.
3:02 of 3rd period - Snap shot by Josiah Slavin.
3:02 of 3rd period - Stopped by Carter Hart with a rebound.
3:04 of 3rd period - Snap shot by Dakota Joshua.
3:04 of 3rd period - Stopped by Carter Hart without a rebound.
3:05 of 3rd period - Nico Sturm wins face-off versus Jack Roslovic in Santa Cruz Tiger Sharks zone.
3:09 of 3rd period - Minor Penalty to Travis Boyd for Holding.
3:10 of 3rd period - Nico Sturm wins face-off versus Jack Roslovic in Santa Cruz Tiger Sharks zone.
5:09 of 3rd period - Penalty to Travis Boyd is over, Travis Boyd is back on ice.
5:56 of 3rd period - Slapshot by Travis Boyd.
5:56 of 3rd period - Shot Blocked by Connor Mackey.
5:58 of 3rd period - Wrist shot by Zachary Sanford.
5:58 of 3rd period - Stopped by Scott Wedgewood without a rebound.
5:59 of 3rd period - Kevin Rooney wins face-off versus Jonas Rondbjerg in Peoria Rivermen zone.
6:22 of 3rd period - Steven Lorentz is hit by Radim Zohorna.
6:33 of 3rd period - Snap shot by Steven Lorentz.
6:33 of 3rd period - Shot Misses the Net.
6:43 of 3rd period - Matthew Kessel is hit by Kevin Rooney and loses puck.
7:40 of 3rd period - Jesper Boqvist is hit by Jonas Rondbjerg and loses puck.
7:49 of 3rd period - Minor Penalty to Zachary Sanford for Roughing.
7:50 of 3rd period - Dakota Joshua wins face-off versus Jack Roslovic in Santa Cruz Tiger Sharks zone.
9:23 of 3rd period - Travis Boyd is hit by Jalen Chatfield and loses puck.
9:49 of 3rd period - Penalty to Zachary Sanford is over, Zachary Sanford is back on ice.
10:09 of 3rd period - Icing by Kieffer Bellows.
10:10 of 3rd period - Kevin Rooney wins face-off versus Brandon Biro in Santa Cruz Tiger Sharks zone.
10:51 of 3rd period - Snap shot by Kieffer Bellows.
10:51 of 3rd period - Deflect By Alexander Volkov.
10:51 of 3rd period - Stopped by Scott Wedgewood without a rebound.
10:52 of 3rd period - Jack Roslovic wins face-off versus Dakota Joshua in Peoria Rivermen zone.
11:08 of 3rd period - Snap shot by Kailer Yamamoto.
11:08 of 3rd period - Shot Misses the Net.
11:25 of 3rd period - Slapshot by Calle Rosen.
11:25 of 3rd period - Shot Misses the Net.
11:43 of 3rd period - Calle Rosen is hit by Zachary Jones and loses puck.
11:55 of 3rd period - Radim Zohorna is hit by Steven Lorentz and loses puck.
12:24 of 3rd period - Tyler Pitlick is hit by Alexander Volkov and loses puck.
13:01 of 3rd period - Brandon Biro is hit by Wyatt Kalynuk and loses puck.
13:14 of 3rd period - Grant Mismash is hit by Alexander Volkov and loses puck.
13:23 of 3rd period - Grant Mismash is hit by Kieffer Bellows and loses puck.
13:34 of 3rd period - Nick Leddy is hit by Evgeny Svechnikov.
13:38 of 3rd period - Matthew Kessel is hit by Calle Rosen.
14:19 of 3rd period - Snap shot by Jack Roslovic.
14:19 of 3rd period - Stopped by Scott Wedgewood with a rebound.
14:57 of 3rd period - Hunter Drew is hit by Ryan Lomberg.
15:05 of 3rd period - Hunter Drew is hit by Connor Mackey and loses puck.
15:28 of 3rd period - Slapshot by Hunter Drew.
15:28 of 3rd period - Shot Misses the Net.
15:30 of 3rd period - Snap shot by Kieffer Bellows.
15:30 of 3rd period - Shot Blocked by Matthew Kessel.
15:32 of 3rd period - Snap shot by Kieffer Bellows.
15:32 of 3rd period - Stopped by Scott Wedgewood without a rebound.
15:33 of 3rd period - Kevin Rooney wins face-off versus Jakob Pelletier in Peoria Rivermen zone.
15:34 of 3rd period - Snap shot by Kieffer Bellows.
15:34 of 3rd period - Stopped by Scott Wedgewood with a rebound.
16:03 of 3rd period - Wrist shot by David Gustafsson.
16:03 of 3rd period - Stopped by Scott Wedgewood without a rebound.
16:04 of 3rd period - Nico Sturm wins face-off versus David Gustafsson in Peoria Rivermen zone.
16:15 of 3rd period - Slapshot by Evgeny Svechnikov.
16:15 of 3rd period - Shot Blocked by Radim Zohorna.
16:17 of 3rd period - Snap shot by Evgeny Svechnikov.
16:17 of 3rd period - Shot Blocked by Yegor Zamula.
16:24 of 3rd period - Minor Penalty to Yegor Zamula for Tripping.
16:25 of 3rd period - Sasha Chmelevski wins face-off versus Michael McLeod in Peoria Rivermen zone.
16:51 of 3rd period - Snap shot by Kailer Yamamoto.
16:51 of 3rd period - Stopped by Scott Wedgewood without a rebound.
16:52 of 3rd period - Tyler Pitlick wins face-off versus Jack Roslovic in Peoria Rivermen zone.
17:47 of 3rd period - Icing by Jack Roslovic.
17:48 of 3rd period - Travis Boyd wins face-off versus Sasha Chmelevski in Santa Cruz Tiger Sharks zone.
18:24 of 3rd period - Penalty to Yegor Zamula is over, Yegor Zamula is back on ice.
18:37 of 3rd period - Peoria Rivermen, Scott Wedgewood is pulled from the net.
18:41 of 3rd period - Snap shot by Jonas Rondbjerg.
18:41 of 3rd period - Stopped by Carter Hart with a rebound.
18:43 of 3rd period - Snap shot by Jonas Rondbjerg.
18:43 of 3rd period - Stopped by Carter Hart without a rebound.
18:44 of 3rd period - Alexander Volkov wins face-off versus Jakob Pelletier in Santa Cruz Tiger Sharks zone.
18:51 of 3rd period - Snap shot by Jakob Pelletier.
18:51 of 3rd period - Shot Misses the Net.
18:57 of 3rd period - Wrist shot by Kevin Rooney.
18:57 of 3rd period - Shot Blocked by Josiah Slavin.
19:09 of 3rd period - Jalen Chatfield is hit by Calle Rosen.
19:47 of 3rd period - Wrist shot by Jack Roslovic.
19:47 of 3rd period - Goal by Jack Roslovic - Peoria Rivermen : 1 - Santa Cruz Tiger Sharks : 3.
19:47 of 3rd period - Scott Wedgewood from Peoria Rivermen was sent back in the game.
19:48 of 3rd period - Jakob Pelletier wins face-off versus Kevin Rooney in neutral zone.
19:55 of 3rd period - Snap shot by Jakob Pelletier.
19:55 of 3rd period - Stopped by Carter Hart with a rebound.
19:57 of 3rd period - Wrist shot by Jakob Pelletier.
19:57 of 3rd period - Shot Misses the Net.
19:59 of 3rd period - Slapshot by Zachary Jones.
19:59 of 3rd period - Stopped by Carter Hart without a rebound.
Goals for this period are 0 for Peoria Rivermen vs 1 for Santa Cruz Tiger Sharks.
Shots for this period are 9 for Peoria Rivermen vs 8 for Santa Cruz Tiger Sharks.
Back to the Top